 Dungeon Crawl Stone Soup version 0.28-a0-1387-g3a22ab9bdc (webtiles) character file.

Game seed: 8865163112230934775

27837 HallandMoats the Demonic Catastrophe (level 13, -4/104 HPs)
             Began as a Demonspawn Fighter on Jan 2, 2022.
             Was an Elder of Qazlal.
             Slain by a boulder beetle (34 damage)
             ... on level 14 of the Dungeon.
             The game lasted 00:33:13 (20428 turns).

HallandMoats the Demonic Catastrophe (DsFi)        Turns: 20428, Time: 00:33:14

Health: -4/104     AC: 26    Str: 24    XL:     13   Next: 6%
Magic:  24/24      EV: 12    Int: 18    God:    Qazlal [****..]
Gold:   748        SH: 10    Dex: 15    Spells: 12/12 levels left

rFire   . . .      SeeInvis .   a - +4 scimitar (flame)
rCold   . . .      Faith    .   P - orb {light}
rNeg    . . .      Spirit   .   F - +2 chain mail of Buh Vir {Int+7 Stlth+}
rPois   +          Reflect  +   R - +0 helmet
rElec   .          Harm     .   u - +0 cloak
rCorr   .          Rampage  .   t - +2 pair of gloves
Will    .....                   o - +0 pair of boots
Stlth   ..........              k - amulet of reflection
HPRegen 0.27/turn               p - ring of poison resistance
MPRegen 0.38/turn               N - +6 ring of strength

@: mighty, sanguine armoured, on berserk cooldown, hasted and slowed, glowing,
studying Ice Magic, repel missiles
A: spiny 3, magic regeneration, sanguine armour 1, demonic touch 2
a: Renounce Religion, Upheaval, Elemental Force


You were on level 14 of the Dungeon.
You worshipped Qazlal.
Qazlal was greatly pleased with you.
You visited 2 branches of the dungeon, and saw 15 of its levels.

You collected 748 gold pieces.

Inventory:

Hand Weapons
 a - a +4 scimitar of flaming (weapon)
 i - a +0 war axe
 O - the +2 lajatang of Mummiuma {freeze, Will+ Str+4}
   (You found it on level 10 of the Dungeon)

   It freezes those it strikes, dealing additional cold damage.
   It can also slow down cold-blooded creatures.
   Str:       It affects your strength (+4).
   Will:      It increases your willpower.
Missiles
 K - 2 throwing nets (quivered)
Armour
 c - a +0 buckler
 o - a +0 pair of boots (worn)
 t - a +2 pair of gloves (worn)
 u - a +0 cloak (worn)
 F - the +2 chain mail of Buh Vir (worn) {Int+7 Stlth+}
   (You found it on level 7 of the Dungeon)

   Int:       It affects your intelligence (+7).
   Stlth:     It makes you more stealthy.
 P - an orb of light (worn)
 R - a +0 helmet (worn)
Jewellery
 k - an amulet of reflection (around neck)
 p - a ring of poison resistance (left hand)
 N - a +6 ring of strength (right hand)
 S - a ring of willpower
Wands
 d - a wand of flame (44)
 h - a wand of iceblast (6)
 s - a wand of polymorph (7)
 C - a wand of acid (7)
 G - a wand of charming (4)
 I - a wand of digging (19)
 J - a wand of paralysis (7)
Scrolls
 e - 2 scrolls of silence
 f - 5 scrolls of fog
 g - a scroll of amnesia
 l - a scroll of magic mapping {unknown}
 r - 5 scrolls of immolation
 w - a scroll of enchant armour {unknown}
 y - 2 scrolls of identify
 B - a scroll of brand weapon {unknown}
 E - 2 scrolls of enchant weapon {unknown}
 H - a scroll of summoning {unknown}
 M - a scroll of holy word {unknown}
 Q - 2 scrolls of blinking {unknown}
Potions
 j - 5 potions of curing
 m - a potion of cancellation {unknown}
 n - a potion of berserk rage
 q - 3 potions of magic
 v - a potion of invisibility {unknown}
 z - 3 potions of mutation {unknown}
 L - a potion of resistance {unknown}


   Skills:
 + Level 10.3 Fighting
 + Level 9.3 Axes
 + Level 8.8 Armour
 + Level 8.3 Dodging
 - Level 4.0 Shields
 * Level 15.1 Invocations


You had 12 spell levels left.
You didn't know any spells.
Your spell library contained the following spells:

 Spells                   Type           Power      Damage    Failure   Level
 Animate Skeleton         Necr           0%         N/A       77%         1
 Pain                     Necr           0%         1d4       77%         1
 Ensorcelled Hibernation  Hex/Ice        0%         N/A       88%         2
 Passwall                 Tmut/Erth      0%         N/A       88%         2
 Sublimation of Blood     Necr           0%         N/A       88%         2
 Wereblood                Tmut           0%         N/A       88%         2
 Call Canine Familiar     Summ           0%         N/A       98%         3
 Inner Flame              Hex/Fire       0%         N/A       98%         3
 Ozocubu's Armour         Ice            0%         N/A       98%         3
 Portal Projectile        Hex/Tloc       0%         N/A       98%         3
 Summon Guardian Golem    Hex/Summ       0%         N/A       98%         3
 Swiftness                Air            0%         N/A       98%         3
 Tukima's Dance           Hex            0%         N/A       98%         3
 Vampiric Draining        Necr           0%         2d6       98%         3
 Cause Fear               Hex            0%         N/A       100%        4
 Leda's Liquefaction      Hex/Erth       0%         N/A       100%        4
 Passage of Golubria      Tloc           0%         N/A       100%        4
 Agony                    Necr           0%         N/A       100%        5
 Excruciating Wounds      Necr           0%         N/A       100%        5
 Metabolic Englaciation   Hex/Ice        0%         N/A       100%        5
 Yara's Violent Unravell  Hex/Tmut       0%         3d3       100%        5
 Simulacrum               Ice/Necr       0%         N/A       100%        6
 Enfeeble                 Hex            0%         N/A       100%        7
 Malign Gateway           Summ/Tloc      0%         N/A       100%        7
 Monstrous Menagerie      Summ           0%         N/A       100%        7
 Summon Hydra             Summ           0%         N/A       100%        7
 Discord                  Hex            0%         N/A       100%        8
 Summon Horrible Things   Summ           0%         N/A       100%        8


Dungeon Overview and Level Annotations

Branches:
Dungeon (14/15)            Temple (0/1) D:7            Lair (1/6) D:8
    Orc (0/2) D:10
 Vaults: D:13-14

Altars:
Ashenzari
Gozag
Makhleb
Okawaru
Qazlal
Ru
Trog
Vehumet
Wu Jian
Zin
The Shining One


Innate Abilities, Weirdness & Mutations

You are completely covered in sharp spines.
You regenerate magic rapidly.
When seriously injured, your blood forms armour. (AC +6)
Your touch may inflict irresistible damage on your foes.


Message History

Josephine hits you but does no damage.
The manticore flicks its tail.
The volley of spikes hits you.
The barbed spikes become lodged in your body.
Josephine barely misses you.
You feel yourself speed up.
The manticore flicks its tail.
The volley of spikes misses you.
The volley of spikes hits Josephine.
Josephine dies!
The manticore flicks its tail.
The volley of spikes hits you.
The barbed spikes become lodged in your body.
* * * LOW HITPOINT WARNING * * *
Your life force feels restored.
You feel very mighty all of a sudden. You block the boulder beetle's attack.
The manticore flicks its tail.
The volley of spikes is repelled.
The volley of spikes hits the boulder beetle!
You slash the boulder beetle! You burn the boulder beetle.
The boulder beetle is moderately wounded.
The boulder beetle leaps!
The boulder beetle curls into a ball and begins rolling!
You barely miss the wraith.
The wraith is lightly damaged.
The wraith hits you but does no damage. You block the wraith's attack.
The manticore flicks its tail.
The volley of spikes reflects off an invisible shield around you!
The volley of spikes hits the manticore!
You hit the wraith. You burn the wraith.
The wraith is moderately damaged.
You block the wraith's attack.
The manticore flicks its tail.
The volley of spikes hits you but does no damage.
You slice the wraith!! You burn the wraith.
You destroy the wraith!
Qazlal accepts your kill.
You carefully extract the barbed spikes from your body.
The boulder beetle hits you!!
You die...

≈≈≈≈≈≈≈#).......>#.#
......≈#######+#.#.#######
.....≈ ..###....#.......#
#8..≈ #........#######.#
#..≈#####.....#....##.#
#!.≈#..#(..........##.#
#..B'WW#........#.<##.#
#.○≈##)#.#....###.#...#
#.°≈ #@#......+..<#.###
#8.○≈##B#......###...#
.....≈#°H§.....## #####
..^...≈#.°......#
≈≈≈≈≈≈≈#.°......#
########........#
#..[........#
#..../.....[#
#...........#


You could see a boulder beetle (rolling), a manticore (skewered) and 2 wraiths.

Vanquished Creatures
  A sphinx (shapeshifter) (D:13)
  The ghost of Roczioh the Covert, a journeyman DsEn of Wu Jian (D:13)
  2 boulder beetles
  2 hydras (D:13)
  A centaur warrior (D:13)
  Erica (D:8)
  A tengu warrior (D:13)
  A two-headed ogre (D:9)
  Sonja (D:11)
  Pikel (D:8)
  6 ugly things
  2 cyclopes (D:13)
  A mana viper (shapeshifter) (D:13)
  Maurice (D:8)
  A manticore (D:13)
  A gargoyle (D:13)
  Psyche (D:7)
  5 yaktaurs (D:10)
  An unseen horror (D:11)
  A troll (D:10)
  Prince Ribbit (D:6)
  A polar bear (Lair:1)
  Grinder (D:3)
  14 slime creatures
  Sigmund (D:3)
  3 shadows
  A wyvern (D:9)
  A water elemental (D:14)
  2 wraiths
  A basilisk (D:14)
  3 steam dragons
  4 yaks (D:8)
  12 vampire mosquitoes
  2 acid dragons
  Duvessa (D:6)
  9 orc warriors
  3 black bears
  2 ice beasts
  A necrophage (D:6)
  3 ogres
  3 boggarts (D:11)
  A sky beast (D:6)
  A wolf (Lair:1)
  7 centaurs
  2 phantoms
  A lemure (D:8)
  3 bullfrogs
  3 kobold brigands
  A wyvern zombie (D:8)
  2 scorpions
  5 gnoll sergeants
  Dowan (D:6)
  A wyvern skeleton (D:6)
  11 killer bees
  A wight (D:6)
  9 howler monkeys
  A centaur zombie (D:7)
  6 hounds
  A bullfrog zombie (D:5)
  8 orc priests
  A centaur skeleton (D:4)
  2 gnoll shamans (D:9)
  Crazy Yiuf (D:6)
  2 jellies
  A bullfrog skeleton (D:6)
  Natasha (thrice) (D:3)
  2 iguanas
  Ijyb (D:3)
  9 orc wizards
  A killer bee zombie (D:8)
  2 howler monkey zombies
  2 howler monkey skeletons (D:6)
  18 gnolls
  9 adders
  A shadow imp (D:6)
  A white imp (D:6)
  3 worms
  3 dart slugs
  46 orcs
  3 bats (D:3)
  4 endoplasms
  2 giant cockroaches
  A goblin (D:2)
  5 hobgoblins
  2 jackals (D:4)
  5 quokkas
  7 ball pythons
  2 frilled lizards
  19 kobolds
  4 rats
328 creatures vanquished.

Vanquished Creatures (others)
  Josephine (D:14)
1 creature vanquished.

Grand Total: 329 creatures vanquished

Notes
Turn   | Place    | Note
-------+----------+-------------------------------------------
     0 | D:1      | HallandMoats the Demonspawn Fighter began the quest for the
                  | Orb.
     0 | D:1      | Reached XP level 1. HP: 18/18 MP: 1/1
   586 | D:1      | Gained mutation: You are partially covered in sharp spines.
                  | [demonic ancestry]
   586 | D:1      | Reached XP level 2. HP: 19/24 MP: 2/2
  1146 | D:1      | Found a faded altar of an unknown god.
  1305 | D:2      | Gained mutation: Your touch may inflict minor irresistible
                  | damage on your foes. [demonic ancestry]
  1305 | D:2      | Reached XP level 3. HP: 20/29 MP: 3/3
  1733 | D:2      | You fall into a shaft and drop 2 floors!
  1746 | D:4      | Reached skill level 1 in Dodging
  1746 | D:4      | Reached XP level 4. HP: 30/37 MP: 4/4
  2052 | D:2      | Found an iron altar of Okawaru.
  2794 | D:3      | Noticed Natasha
  2797 | D:3      | Killed Natasha
  2798 | D:3      | Reached XP level 5. HP: 42/42 MP: 5/5
  2806 | D:3      | Noticed Natasha
  2813 | D:3      | Killed Natasha
  2819 | D:3      | Noticed Grinder
  2831 | D:3      | Paralysed by Grinder for 2 turns
  2833 | D:3      | Killed Grinder
  2834 | D:3      | Gained mutation: Your touch may inflict irresistible damage
                  | on your foes. [demonic ancestry]
  2834 | D:3      | Reached XP level 6. HP: 11/49 MP: 6/6
  3073 | D:3      | Found an opulent altar of Gozag.
  3114 | D:3      | Noticed Ijyb
  3137 | D:3      | Killed Ijyb
  3489 | D:3      | Found an ornate altar of the Wu Jian Council.
  3516 | D:3      | Found a broken altar of Ashenzari.
  3526 | D:3      | Found a bloodstained altar of Trog.
  3572 | D:3      | Noticed Natasha
  3582 | D:3      | Killed Natasha
  3651 | D:3      | Noticed Sigmund
  3664 | D:3      | Killed Sigmund
  3665 | D:3      | Reached skill level 5 in Fighting
  3665 | D:3      | Reached XP level 7. HP: 40/56 MP: 7/7
  5084 | D:5      | Entered Level 5 of the Dungeon
  5151 | D:5      | Noticed a vampire mosquito
  5167 | D:5      | Killed a vampire mosquito
  5168 | D:5      | Reached XP level 8. HP: 42/64 MP: 8/8
  5175 | D:5      | Reached skill level 5 in Axes
  5395 | D:5      | Found a stormy altar of Qazlal.
  5398 | D:5      | Noticed an air elemental
  5403 | D:5      | Became a worshipper of Qazlal Stormbringer
  5438 | D:5      | Found a sacrificial altar of Ru.
  5452 | D:5      | Reached skill level 1 in Invocations
  5944 | D:5      | Reached skill level 2 in Invocations
  6497 | D:6      | Noticed Dowan
  6498 | D:6      | Noticed Duvessa
  6540 | D:6      | Killed Duvessa
  6541 | D:6      | Reached skill level 3 in Invocations
  6545 | D:6      | Killed Dowan
  6678 | D:6      | Found an iron altar of Okawaru.
  6678 | D:6      | Found a radiant altar of Vehumet.
  6679 | D:6      | Found a burning altar of Makhleb.
  6866 | D:6      | Reached skill level 4 in Invocations
  7072 | D:6      | Reached skill level 5 in Armour
  7072 | D:6      | Reached XP level 9. HP: 70/71 MP: 12/12
  7151 | D:6      | Reached * piety under Qazlal
  7152 | D:6      | Reached skill level 5 in Invocations
  7645 | D:6      | Noticed Prince Ribbit
  7660 | D:6      | Killed Prince Ribbit
  7661 | D:6      | Reached skill level 6 in Invocations
  7754 | D:6      | Got Ziosoch's Disquisition on the Escort
  8052 | D:6      | Found a runed translucent door.
  8053 | D:6      | Noticed Crazy Yiuf
  8211 | D:6      | Reached skill level 7 in Invocations
  8322 | D:6      | Killed Crazy Yiuf
  8660 | D:7      | Identified the +2 chain mail of Buh Vir {Int+7 Stlth+}
  8884 | D:7      | Reached ** piety under Qazlal
  9089 | D:7      | Reached skill level 5 in Dodging
  9203 | D:7      | Gained mutation: You regenerate magic rapidly. [demonic
                  | ancestry]
  9203 | D:7      | Reached XP level 10. HP: 72/79 MP: 15/15
  9257 | D:7      | Reached skill level 8 in Invocations
  9359 | D:7      | Found a staircase to the Ecumenical Temple.
  9716 | D:8      | Noticed Psyche
  9749 | D:7      | Killed Psyche
 10079 | D:8      | Found a staircase to the Lair.
 10090 | D:8      | Noticed Maurice
 10093 | D:8      | Noticed Pikel
 10093 | D:8      | Noticed Erica
 10101 | D:8      | Killed Pikel
 10102 | D:8      | Reached skill level 9 in Invocations
 10105 | D:8      | Killed Erica
 10117 | D:8      | Killed Maurice
 10121 | D:8      | Reached skill level 10 in Invocations
 10128 | Lair:1   | Entered Level 1 of the Lair of Beasts
 11020 | D:9      | Gained mutation: When seriously injured, your blood forms
                  | armour. (AC +6) [demonic ancestry]
 11020 | D:9      | Reached XP level 11. HP: 87/87 MP: 18/18
 11092 | D:9      | Reached *** piety under Qazlal
 11696 | D:9      | Noticed a two-headed ogre
 11702 | D:9      | Killed a two-headed ogre
 11703 | D:9      | Reached skill level 11 in Invocations
 11956 | D:10     | Entered Level 10 of the Dungeon
 12299 | D:10     | Found a staircase to the Orcish Mines.
 12715 | D:10     | Identified the +2 lajatang of Mummiuma {freeze, Will+
                  | Str+4}
 13266 | D:10     | Reached **** piety under Qazlal
 13274 | D:10     | Reached skill level 12 in Invocations
 13639 | D:11     | Noticed Sonja
 13655 | D:11     | Killed Sonja
 14279 | D:11     | Noticed a two-headed ogre
 15283 | D:12     | Noticed a boulder beetle
 15310 | D:11     | Killed a boulder beetle
 15769 | D:12     | Noticed a white ugly thing
 15775 | D:12     | Killed a white ugly thing
 16020 | D:12     | Gained mutation: You are mostly covered in sharp spines.
                  | [demonic ancestry]
 16020 | D:12     | Reached XP level 12. HP: 88/95 MP: 21/21
 16243 | D:12     | Noticed a boulder beetle
 16263 | D:12     | Killed a boulder beetle
 16264 | D:12     | Reached skill level 13 in Invocations
 16724 | D:13     | Noticed a tengu warrior
 16754 | D:13     | Killed a tengu warrior
 17000 | D:13     | Noticed a storm dragon
 17009 | D:13     | Noticed a frost giant
 17009 | D:13     | a storm dragon changed into a frost giant
 17014 | D:13     | HP: 4/96 [frost giant (shapeshifter) (9)]
 17033 | D:13     | Noticed a sphinx
 17033 | D:13     | a frost giant changed into a sphinx
 17636 | D:13     | Killed a sphinx
 17650 | D:13     | Noticed an eight-headed hydra
 17657 | D:13     | Killed a five-headed hydra
 17949 | D:13     | Found a runed translucent door.
 17952 | D:13     | Noticed Roczioh's ghost (journeyman DsEn)
 17960 | D:13     | Reached skill level 14 in Invocations
 18131 | D:13     | Noticed a seven-headed hydra
 18138 | D:13     | Killed a two-headed hydra
 18804 | D:13     | Reached skill level 10 in Fighting
 18997 | D:13     | Noticed a centaur warrior
 19002 | D:13     | Killed a centaur warrior
 19303 | D:13     | Noticed a radroach
 19312 | D:13     | Noticed a bunyip
 19312 | D:13     | a radroach changed into a bunyip
 20065 | D:13     | Killed Roczioh's ghost
 20395 | D:14     | Noticed a boulder beetle
 20400 | D:14     | Noticed Josephine
 20406 | D:14     | Reached skill level 15 in Invocations
 20412 | D:14     | Gained mutation: You are completely covered in sharp
                  | spines. [demonic ancestry]
 20412 | D:14     | Reached XP level 13. HP: 49/103 MP: 24/24
 20423 | D:14     | Killed Josephine
 20428 | D:14     | Slain by a boulder beetle

Illustrated notes

Levels and vault maps discovered:
D:1:      dpeg_arrival_arbitrary_a, layout_basic,
          chequers_ecumenical_altar_grove, kennysheep_small_spiral,
          minmay_fountain_box, minmay_tetromino_t2
D:2:      layout_basic, basic_altar, chequers_serial_rivers_marsh, st_stairs_10,
          wad_floor_pattern_1
D:3:      layout_basic, grunt_gozag_statues, mainiacjoe_overflow_alcove_4,
          mainiacjoe_overflow_big_doors, uniq_sigmund, uniq_natasha, uniq_ijyb,
          uniq_grinder
D:4:      layout_cave_pods, nrook_mini_backslash
D:5:      layout_cave_pools, nicolae_qazlal_style_of_elements,
          mainiacjoe_overflow_six_doors_small, serial_column_ruins,
          column_ruins_hut, column_ruins_grid_4, column_ruins_columns_water,
          column_ruins_open_small, chequers_serial_rivers_small_b,
          dk_vineyard_2, dk_noncrumbling_2, roderic_lattice_a,
          minmay_manual_mess
D:6:      layout_basic, gammafunk_temple_overflow_claw,
          minmay_increasing_density, uniq_prince_ribbit1,
          uniq_crazy_yiuf_cottage, uniq_duvessa
D:7:      minmay_inner_zag, layout_basic, tso_oasis_becter,
          minmay_temple_entry_sparse_star, kennysheep_generic_room_9
D:8:      layout_rooms, dpeg_oklobed_lair, minmay_misc_feat_four_crosses,
          uniq_psyche, uniq_maurice, uniq_pikel, uniq_erica
D:9:      layout_rooms, kennysheep_potato
D:10:     layout_irregular_city, zin_scriptorium,
          kennysheep_orc_monster_closet_entryway, hangedman_decor_growths,
          kennysheep_donut, nrook_loot_triangle
D:11:     layout_basic, uniq_sonja
D:12:     layout_irregular_city
D:13:     layout_roguey, hellmonk_ghost_happy_afterlife,
          hangedman_corner_corridor
D:14:     layout_basic, hangedman_vaults_entry_quadrant_bands,
          kennysheep_path_1, uniq_josephine
Lair:1:   layout_hall_layers, minmay_hedge_maze, st_stairs_3,
          beast_lair_carwin_11, uniq_harold

Skill      XL: |  1  2  3  4  5  6  7  8  9 10 11 12 |
---------------+-------------------------------------+-----
Axes           | 2 3 4 5 6 7 8 9 |  9.3
Armour         | 3 4 5 6 7 8 |  8.8
Dodging        | 1 2 3 5 6 7 8 |  8.3
Shields        | 3 4 |  4.0
Fighting       | 4 5 6 7 8 9 10 | 10.3
Invocations    | 4 7 10 12 15 | 15.1

Action                   |  1- 3 |  4- 6 |  7- 9 | 10-12 | 13-15 || total
-------------------------+-------+-------+-------+-------+-------++-------
Melee: War axe           |    72 |    65 |       |       |       ||   137
       Dagger            |       |    31 |   313 |       |       ||   344
       Long sword        |       |       |   106 |    89 |       ||   195
       Scimitar          |       |       |       |   395 |     8 ||   403
Invok: Upheaval          |       |       |       |     2 |       ||     2
Evoke: Wand              |       |       |       |     1 |       ||     1
  Use: Potion            |       |     2 |     3 |     7 |     4 ||    16
       Scroll            |       |       |     4 |    15 |       ||    19
 Stab: Invisible         |       |       |     1 |       |       ||     1
Armor: Scale mail        |    35 |    35 |   209 |       |       ||   279
       Chain mail        |       |       |    38 |   338 |     4 ||   380
       Skin              |       |       |       |     1 |       ||     1
Dodge: Dodged            |    30 |    31 |   180 |   279 |     5 ||   525
       Repelled          |       |       |       |       |     2 ||     2
Block: Buckler           |    26 |    14 |   132 |   125 |       ||   297
       Orb               |       |       |       |   272 |    10 ||   282
       Reflection        |       |       |       |    17 |     1 ||    18

Table legend: (Time is in decaauts)
 A = Elapsed time spent in this place.
 B = Non-inter-level travel time spent in this place.
 C = Inter-level travel time spent in this place.
 D = Time resting spent in this place.
 E = Time spent auto-exploring this place.
 F = Levels seen in this place.
 G = Mean time per level.
                   A        B        C        D        E       F      G
               +--------+--------+--------+--------+--------+-----+--------+
         Total |  20712 |  20396 |    316 |   7363 |   9572 |  15 | 1380.8 |
       Dungeon |  20206 |  19890 |    316 |   6884 |   9572 |  14 | 1443.3 |
          Lair |    506 |    506 |      0 |    479 |      0 |   1 |  506.0 |
               +--------+--------+--------+--------+--------+-----+--------+

Top non-repeatable levels by time:
    D:13: 2785 daAuts
    D:11: 2104 daAuts
     D:6: 2104 daAuts
    D:12: 1850 daAuts
     D:3: 1588 daAuts
    D:10: 1378 daAuts
     D:7: 1329 daAuts
     D:5: 1310 daAuts
     D:1: 1292 daAuts
     D:9: 1283 daAuts
     D:4: 1233 daAuts
     D:2: 1025 daAuts
     D:8: 804 daAuts
  Lair:1: 506 daAuts
    D:14: 114 daAuts
